 Dungeon Crawl Stone Soup version 0.27-a0-1591-gc56fcc985a (webtiles) character file.

Game seed: 17157652972449123209

26224 Anon1729 the Cleaver (level 12, -4/110 HPs)
             Began as a Minotaur Monk on July 19, 2021.
             Was the Champion of Zin.
             Killed from afar by an ogre mage (33 damage)
             ... with a bolt of magma
             ... on level 2 of the Orcish Mines.
             The game lasted 00:27:38 (19807 turns).

Anon1729 the Cleaver (Minotaur Monk)               Turns: 19807, Time: 00:27:38

Health: -4/110     AC: 10    Str: 16    XL:     12   Next: 96%
Magic:  13/18      EV: 19    Int: 14    God:    Zin [******]
Gold:   1420       SH:  0    Dex: 13    Spells: 11/11 levels left

rFire    . . .     SeeInvis +   B - +9 war axe of Contradiction {venom, rPois rC+ Str-5 Int+7}
rCold    + + +     Faith    .   (no shield)
rNeg     . . .     Spirit   .   Q - +4 skin of Zhor {*Englaciate rC+++ SInv}
rPois    +         Reflect  .   (helmet restricted)
rElec    .         Harm     .   s - scarf {repulsion}
rCorr    .         Rampage  .   (no gloves)
Will     .....                  (no boots)
Stlth    ++++......             (no amulet)
HPRegen  0.28/turn              f - +4 ring of protection
MPRegen  0.16/turn              P - +4 ring of evasion

@: repel missiles
A: horns 2, retaliatory headbutt
a: Renounce Religion, Recite, Vitalisation, Imprison, Sanctuary, Donate Gold


You were on level 2 of the Orcish Mines.
You worshipped Zin.
Zin was exalted by your worship.
You visited 3 branches of the dungeon, and saw 14 of its levels.

You collected 1784 gold pieces.
You spent 195 gold pieces at shops.
You donated 169 gold pieces to Zin.

Inventory:

Hand Weapons
 a - a +0 hand axe
 B - the +9 war axe of Contradiction (weapon) {venom, rPois rC+ Str-5 Int+7}
   (You bought it in a shop on level 3 of the Dungeon)

   It poisons the flesh of those it strikes.
   Str:       It affects your strength (-5).
   Int:       It affects your intelligence (+7).
   rC:        It protects you from cold.
   rPois:     It protects you from poison.
 G - a +0 hand axe of flaming
Armour
 b - a +0 robe
 d - a +0 leather armour
 l - a +1 scale mail of poison resistance
 s - a scarf of repulsion (worn)
 Q - the +4 skin of Zhor (worn) {*Englaciate rC+++ SInv}
   (You found it on level 2 of the Lair of Beasts)

   It radiates cold, occasionally slowing all nearby creatures who are not
   resistant to cold.
   rC:        It renders you almost immune to cold.
   SInv:      It lets you see invisible.
 S - the +5 robe of Night {Dark Will+ SInv}
   (You found it on level 2 of the Lair of Beasts)

   It shrouds the wearer in darkness, reducing the range at which they can see
   and be seen by others.
   SInv:      It lets you see invisible.
   Will:      It increases your willpower.
 T - a +1 pair of boots of flying
Jewellery
 f - a +4 ring of protection (left hand)
 n - a ring of ice
 o - a ring of protection from fire
 z - a ring of wizardry
 C - a ring of ice
 D - a ring of protection from fire
 P - a +4 ring of evasion (right hand)
Wands
 j - a wand of charming (10)
 E - a wand of mindburst (19)
 H - a wand of flame (59)
 L - a wand of acid (9)
 N - a wand of iceblast (13)
Scrolls
 c - 3 scrolls of immolation {unknown}
 e - 16 scrolls of identify {unknown}
 g - a scroll of fear {unknown}
 h - a scroll of torment {unknown}
 i - 3 scrolls of blinking
 k - a scroll of summoning {unknown}
 m - 2 scrolls of enchant weapon {unknown}
 r - a scroll of fog {unknown}
 t - 5 scrolls of teleportation
 u - 3 scrolls of noise {unknown}
 y - a scroll of holy word {unknown}
 A - a scroll of brand weapon {unknown}
 J - 2 scrolls of amnesia {unknown}
 K - a scroll of vulnerability {unknown}
Potions
 p - 3 potions of curing
 q - a potion of attraction {unknown}
 v - 3 potions of ambrosia
 w - 11 potions of degeneration
 x - a potion of berserk rage
 F - a potion of haste
 I - 2 potions of lignification {unknown}
 M - a potion of flight {unknown}
 O - a potion of might {unknown}
 R - a potion of resistance


   Skills:
 + Level 11.4 Fighting
 * Level 13.8 Axes
 + Level 8.7 Armour
 - Level 7.0 Dodging
 + Level 8.6 Stealth
 * Level 10.3 Invocations


You had 11 spell levels left.
You didn't know any spells.
Your spell library contained the following spells:

 Spells                   Type           Power      Damage    Failure   Level
 Animate Skeleton         Necr           0%         N/A       28%         1
 Apportation              Tloc           0%         N/A       28%         1
 Corona                   Hex            0%         N/A       28%         1
 Summon Small Mammal      Summ           0%         N/A       28%         1
 Passwall                 Tmut/Erth      0%         N/A       41%         2
 Slow                     Hex            0%         N/A       41%         2
 Static Discharge         Conj/Air       0%         N/A       41%         2
 Call Canine Familiar     Summ           0%         N/A       65%         3
 Confusing Touch          Hex            0%         N/A       65%         3
 Gell's Gravitas          Tloc           0%         N/A       65%         3
 Portal Projectile        Hex/Tloc       0%         N/A       65%         3
 Summon Guardian Golem    Hex/Summ       0%         N/A       65%         3
 Swiftness                Air            0%         N/A       65%         3
 Teleport Other           Tloc           0%         N/A       65%         3
 Vampiric Draining        Necr           0%         2d6       65%         3
 Blade Hands              Tmut           0%         N/A       100%        5
 Excruciating Wounds      Necr           0%         N/A       100%        5
 Lightning Bolt           Conj/Air       0%         1d11      100%        5
 Yara's Violent Unravell  Hex/Tmut       0%         3d3       100%        5
 Dispersal                Tloc           0%         N/A       100%        6
 Invisibility             Hex            0%         N/A       100%        6
 Starburst                Conj/Fire      0%         8x6d3     100%        6
 Maxwell's Capacitive Co  Air            0%         ∞         100%        8
 Dragon's Call            Summ           0%         N/A       100%        9


Dungeon Overview and Level Annotations

Branches:
Dungeon (9/15)             Temple (0/1) D:4            Lair (3/6) D:8
  Swamp (0/4) Lair:3        Snake (0/4) Lair:2          Orc (2/2) D:9
    Elf: Orc:2

Altars:
Cheibriados
Elyvilon
Fedhas
Gozag
Kikubaaqudgha
Makhleb
Qazlal
Trog
Uskayaw
Vehumet
Wu Jian
Yredelemnul
Zin
Beogh

Shops:
D:3 (   Orc:1 [   Orc:2 [(

Annotations:
D:3 1 runed translucent door, eyesofgods1's ghost, amateur DgGl
D:5 1 runed translucent door, Crazy Yiuf
D:7 2 transporters, 1 runed translucent door, tsouns's ghost, novice FoFi
Lair:1 exclusion: 2 oklob plants
Orc:1 2 transporters, Jahedwist's ghost, journeyman NaIE


Innate Abilities, Weirdness & Mutations

You have a pair of horns on your head.
You reflexively headbutt those who attack you in melee.


Message History

The two-headed ogre is heavily wounded.
You hit the ogre.
The ogre looks as sick as possible!
You barely miss the ogre. The ogre hits you with a +0 giant club!
The ogre barely misses you. The ogre mage barely misses you.
A two-headed ogre comes into view. It is wielding two +0 giant clubs.
The two-headed ogre hits you with a +0 giant club!!
The two-headed ogre hits you but does no damage.
You hit the two-headed ogre.
The two-headed ogre looks as sick as possible!
The two-headed ogre is severely wounded.
You hit the ogre.
The ogre is poisoned.
You slash the ogre!
You kill the ogre!
The ogre hits you with a +0 giant club!
The ogre mage hits you but does no damage.
The two-headed ogre hits you with a +0 giant club!!
* * * LOW HITPOINT WARNING * * *
The two-headed ogre closely misses you.
You hear a choir sing!
By Zin's power, all blood is cleared from the sanctuary.
The monsters scatter in all directions!
The ogre mage is no longer moving slowly.
The ogre is no longer moving slowly.
The two-headed ogre gives up.
The ogre mage is no longer covered in acid.
The two-headed ogre almost stumbles in trying to escape.
The ogre cries, "Eeeeekkkk!"
An ogre comes into view. It is wielding a +0 giant club.
You radiate an aura of cold.
The ogre mage resists.
The ogre seems to slow down.
You feel a bit more experienced.
The ogre mage casts a spell at the ogre.
The ogre seems to speed up.
The ogre is no longer moving slowly.
You radiate an aura of cold.
The ogre mage seems to slow down.
The ogre seems to slow down.
The ogre mage is no longer moving slowly.
The ogre is no longer moving slowly.
The ogre mage gestures at you while chanting.
The bolt of magma hits you!!
You die...

. ..###.. ### .........# ##.##
.........###...# ..........##..#
###.## ..............#
##....###### ......#...#...###
#....#..##..
.#..............##### ...........
..................#.###.#....#...
................@....#...##......
................#.#.O.#..##......
...............#####......#......
..............### #..O...#.....))
.............##.####.#.........))
.................# ####.......).)
.#..............## ##.OO.......)
...........#...## ##............
..........##..## #.)...........


You could see an ogre mage (fast, invisible).

Vanquished Creatures
  An ettin (Orc:1)
  Fannar (Orc:1)
  3 hydras
  4 two-headed ogres
  An orc knight (Orc:1)
  A black mamba (Lair:3)
  A torpor snail (Lair:2)
  Maurice (D:8)
  Maggie (D:6)
  3 rime drakes (Lair:2)
  8 cane toads
  6 komodo dragons
  A hornet (D:9)
  A wolf spider simulacrum (Lair:2)
  8 blink frogs (Lair:3)
  17 yaks
  4 wyverns
  3 basilisks
  Eustachio (D:5)
  A steam dragon (D:5)
  4 vampire mosquitoes (D:9)
  Grum (D:8)
  A warg (Orc:2)
  An acid dragon (D:9)
  Edmund (D:5)
  2 swamp worms (Lair:3)
  5 water moccasins
  A swamp drake (D:9)
  13 orc warriors
  2 ice beasts
  3 black bears
  2 necrophages
  5 ogres (Orc:2)
  10 wolves
  6 centaurs
  A phantom (D:4)
  2 kobold brigands (D:7)
  9 bullfrogs
  A gnoll sergeant (D:9)
  4 scorpions
  A wyvern skeleton (D:6)
  A blink frog simulacrum (Lair:2)
  8 killer bees
  5 wights (D:8)
  A vampire bat (D:5)
  A torpor snail simulacrum (Lair:2)
  A bullfrog zombie (D:5)
  4 centaur zombies
  A water moccasin simulacrum (Lair:2)
  2 hounds
  A centaur skeleton (D:4)
  13 orc priests
  4 iguanas
  10 orc wizards
  A bullfrog simulacrum (Lair:2)
  4 gnolls (D:9)
  6 adders
  A white imp (D:7)
  An adder skeleton (D:4)
  A dart slug (D:2)
  61 orcs
  4 ball pythons
  4 bats
  2 bat skeletons (D:5)
  3 bat zombies (D:5)
  4 endoplasms
  4 giant cockroaches
  8 goblins
  5 hobgoblins
  6 jackals
  12 kobolds
  6 quokkas
  10 frilled lizards (D:1)
  A jackal skeleton (D:7)
  4 rats
342 creatures vanquished.

Vanquished Creatures (others)
  An orc (Orc:1)
  17 fungi
  24 plants
42 creatures vanquished.

Grand Total: 384 creatures vanquished

Notes
Turn   | Place    | Note
-------+----------+-------------------------------------------
     0 | D:1      | Anon1729 the Minotaur Monk began the quest for the Orb.
     0 | D:1      | Reached XP level 1. HP: 19/19 MP: 0/0
   417 | D:1      | Reached XP level 2. HP: 27/27 MP: 1/1
   616 | D:1      | Reached skill level 4 in Axes
   745 | D:2      | Noticed a scorpion
   763 | D:2      | Reached XP level 3. HP: 31/33 MP: 2/2
   771 | D:2      | Killed a scorpion
   772 | D:2      | Reached XP level 4. HP: 6/41 MP: 3/3
  1177 | D:2      | Found a snail-covered altar of Cheibriados.
  1670 | D:3      | Got Zeonomos's Almanac of Old and Reckless
  1765 | D:3      | Found a runed translucent door.
  1766 | D:3      | Noticed eyesofgods1's ghost (amateur DgGl)
  1816 | D:3      | Found Vestroud's Antique Weapon Boutique.
  1904 | D:3      | Found a white marble altar of Elyvilon.
  1906 | D:3      | Found a faded altar of an unknown god.
  1926 | D:3      | Found a bloodstained altar of Trog.
  1926 | D:3      | Found a radiant altar of Vehumet.
  1934 | D:3      | Found a faded altar of an unknown god.
  1937 | D:3      | Found an ornate altar of the Wu Jian Council.
  1939 | D:3      | Found a blossoming altar of Fedhas.
  1945 | D:3      | Became a worshipper of Zin the Law-Giver
  1945 | D:3      | Reached * piety under Zin
  1945 | D:3      | Reached ** piety under Zin
  1945 | D:3      | Reached *** piety under Zin
  2165 | D:4      | Reached XP level 5. HP: 38/47 MP: 4/4
  2423 | D:4      | Noticed a necrophage
  2434 | D:4      | Killed a necrophage
  2435 | D:4      | Reached skill level 5 in Fighting
  2435 | D:4      | Reached skill level 5 in Axes
  2435 | D:4      | Reached XP level 6. HP: 52/56 MP: 5/5
  2506 | D:4      | Found a staircase to the Ecumenical Temple.
  3088 | D:4      | Noticed an orc warrior
  3111 | D:3      | HP: 1/56 [orc warrior (10)]
  3791 | D:5      | Entered Level 5 of the Dungeon
  3818 | D:5      | Reached skill level 5 in Dodging
  3930 | D:5      | Reached **** piety under Zin
  3978 | D:5      | Reached XP level 7. HP: 45/62 MP: 6/6
  4147 | D:5      | Found an ancient bone altar of Kikubaaqudgha.
  4190 | D:5      | Noticed Edmund
  4191 | D:5      | Found a burning altar of Makhleb.
  4212 | D:5      | Killed Edmund
  4213 | D:5      | Reached skill level 6 in Axes
  4372 | D:5      | Noticed a steam dragon
  4385 | D:5      | Killed a steam dragon
  4535 | D:5      | Found a hide-covered altar of Uskayaw.
  4743 | D:5      | Reached XP level 8. HP: 69/71 MP: 7/7
  5436 | D:5      | Noticed Eustachio
  5477 | D:5      | Killed Eustachio
  5478 | D:5      | Reached skill level 7 in Axes
  5858 | D:5      | Reached ***** piety under Zin
  6042 | D:5      | Found a runed translucent door.
  6043 | D:5      | Noticed Crazy Yiuf
  6204 | D:6      | Reached skill level 5 in Stealth
  6515 | D:6      | Noticed Maggie
  6556 | D:6      | Killed Maggie
  6557 | D:6      | Reached skill level 1 in Armour
  6557 | D:6      | Reached skill level 1 in Invocations
  7043 | D:6      | Reached XP level 9. HP: 79/80 MP: 9/9
  7324 | D:3      | Bought a shimmering war axe for 195 gold pieces
  7324 | D:3      | Identified the +9 war axe of Contradiction {venom, rPois
                  | rC+ Str-5 Int+7} (You bought it in a shop on level 3 of the
                  | Dungeon)
  7391 | D:7      | Reached skill level 8 in Axes
  7745 | D:7      | Found a transporter.
  7746 | D:7      | Found a transporter.
  7746 | D:7      | Noticed tsouns's ghost (novice FoFi)
  7835 | D:7      | Found a runed translucent door.
  7838 | D:7      | Found a basalt altar of Yredelemnul.
  7894 | D:7      | Reached skill level 9 in Axes
  8170 | D:8      | Reached XP level 10. HP: 66/90 MP: 12/12
  8683 | D:8      | Reached skill level 5 in Invocations
  8699 | D:8      | Noticed Grum
  8704 | D:8      | Killed Grum
  8870 | D:8      | Reached skill level 10 in Axes
  9054 | D:8      | Found a staircase to the Lair.
  9485 | D:8      | Noticed a two-headed ogre
  9498 | D:8      | Killed a two-headed ogre
  9795 | D:8      | Noticed Maurice
  9811 | D:8      | Killed Maurice
  9812 | D:8      | Reached skill level 5 in Armour
 10030 | D:9      | Found a stormy altar of Qazlal.
 10517 | D:9      | Found an opulent altar of Gozag.
 10661 | D:9      | Noticed a two-headed ogre
 10673 | D:9      | Killed a two-headed ogre
 10674 | D:9      | Reached skill level 11 in Axes
 11054 | D:9      | Paralysed by a hornet for 2 turns
 11204 | D:9      | Reached XP level 11. HP: 93/97 MP: 15/15
 11244 | D:9      | Noticed a centaur warrior
 11244 | D:9      | Noticed a centaur warrior
 11362 | D:9      | Noticed a tengu warrior
 11990 | D:9      | Found a staircase to the Orcish Mines.
 12201 | Lair:1   | Entered Level 1 of the Lair of Beasts
 13005 | Lair:1   | Found a blossoming altar of Fedhas.
 13007 | Lair:1   | Noticed an oklob plant
 13008 | Lair:1   | Noticed an oklob plant
 13938 | Lair:2   | Reached skill level 10 in Fighting
 14306 | Lair:2   | Found a transporter.
 14313 | Lair:2   | Reached skill level 12 in Axes
 14314 | Lair:2   | Reached ****** piety under Zin
 14349 | Lair:2   | Found a blossoming altar of Fedhas.
 14352 | Lair:2   | Found a transporter.
 14357 | Lair:2   | Found the +5 robe of Night {Dark Will+ SInv}
 14409 | Lair:2   | Found the +4 skin of Zhor {*Englaciate rC+++ SInv}
 14699 | Lair:2   | Found a staircase to the Snake Pit.
 14727 | Lair:2   | Noticed a six-headed hydra
 14986 | Lair:2   | Killed a one-headed hydra
 15731 | Lair:3   | Reached XP level 12. HP: 81/107 MP: 17/17
 16639 | Lair:3   | Reached skill level 13 in Axes
 16811 | Lair:3   | Noticed a seven-headed hydra
 17134 | Lair:3   | Killed an eight-headed hydra
 17450 | Lair:3   | Noticed a five-headed hydra
 17459 | Lair:3   | Killed a one-headed hydra
 17691 | Lair:3   | Found a staircase to the Swamp.
 17927 | Orc:1    | Entered Level 1 of the Orcish Mines
 18002 | Orc:1    | Noticed an orc warlord
 18030 | Orc:1    | Noticed a two-headed ogre
 18041 | Orc:1    | Killed a two-headed ogre
 18070 | Orc:1    | Noticed Fannar
 18073 | Orc:1    | Found Vuusoe's Antique Armour Shoppe.
 18091 | Orc:1    | Noticed an ettin
 18100 | Orc:1    | HP: 4/110 [orc priest/nerve-wracking pain (12)]
 18108 | Orc:1    | Killed Fannar
 18109 | Orc:1    | Reached skill level 10 in Invocations
 18470 | Orc:1    | Found a transporter.
 18509 | Orc:1    | Noticed a great orb of eyes
 18521 | Orc:1    | Found a transporter.
 18636 | Orc:1    | Killed an ettin
 19001 | Orc:1    | Noticed Jahedwist's ghost (journeyman NaIE)
 19312 | Orc:2    | Entered Level 2 of the Orcish Mines
 19763 | Orc:2    | Noticed a two-headed ogre
 19763 | Orc:2    | Noticed a two-headed ogre
 19764 | Orc:2    | Found Kungufaq's Antique Armour Boutique.
 19764 | Orc:2    | Found Peral's Antique Weapon Emporium.
 19764 | Orc:2    | Noticed an ogre mage
 19764 | Orc:2    | Noticed a two-headed ogre
 19764 | Orc:2    | Noticed an ogre mage
 19764 | Orc:2    | Noticed an ogre mage
 19777 | Orc:2    | Paralysed by an ogre mage for 4 turns
 19788 | Orc:2    | Noticed a two-headed ogre
 19792 | Orc:2    | Noticed a two-headed ogre
 19802 | Orc:2    | Killed a two-headed ogre
 19807 | Orc:2    | Killed from afar by an ogre mage

Illustrated notes

Levels and vault maps discovered:
D:1:      dpeg_arrival_court, layout_basic, chequers_avenue,
          nrook_loot_triangle, amcnicky_mini_rare_corridor_liquid,
          minmay_lizard_king
D:2:      layout_rooms, basic_altar
D:3:      wander_river, layout_rooms, chequers_temple_overflow_minitemple,
          mainiacjoe_overflow_tiny_flanked, basic_ecumenical_altar,
          ebering_ghost_reflecting_pool, serial_shops, shop
D:4:      layout_layer_cave, minmay_temple_entry_gardened_gates
D:5:      kennysheep_big_flooded_room, layout_layer_cave, bloody_makhleb,
          kennysheep_vampire_church, nicolae_uskayaw_murder_on_the_dancefloor,
          uniq_eustachio, uniq_edmund, uniq_crazy_yiuf_cottage
D:6:      layout_cave_pods, gup_sewer_entry_bubbles, uniq_maggie
D:7:      layout_cave_pools, dk_yredelemnul_ordeal, gammafunk_ghost_hive
D:8:      layout_loops_cross, dpeg_oklobed_lair, small_statue_intersection,
          uniq_maurice, uniq_grum
D:9:      layout_basic, mainiacjoe_overflow_cross_hatched,
          nicolae_gozag_seed_capital, erik_orc_1, minivault_12
Lair:1:   layout_roguey, serial_bayou_ford_a, hangedman_tree_tricks,
          lemuel_fruit_tree
Lair:2:   gammafunk_cloud_chamber, layout_gridlike, dummy_snake_entry,
          basic_altar, hellmonk_guarded_unrand_zhor, grunt_megastairs_1
Lair:3:   layout_loops_ring, palyth_hydra_swamp_entry
Orc:1:    layout_diamond_mine, serial_shops, shop,
          gammafunk_ghost_abyssal_escape, mines1_david, uniq_fannar
Orc:2:    st_orc_ogre_mass, layout_caves

Skill      XL: |  1  2  3  4  5  6  7  8  9 10 11 12 |
---------------+-------------------------------------+-----
Stealth        | 2 3 4 5 6 7 8 |  8.6
Fighting       | 4 5 6 7 8 9 10 11 | 11.4
Axes           | 4 5 6 7 9 11 12 13 | 13.8
Dodging        | 4 5 6 7 |  7.0
Armour         | 1 3 5 7 8 |  8.7
Invocations    | 2 4 6 8 10 | 10.3

Action                   |  1- 3 |  4- 6 |  7- 9 | 10-12 || total
-------------------------+-------+-------+-------+-------++-------
Melee: Hand axe          |    48 |   138 |   216 |    58 ||   460
       Headbutt          |    12 |    21 |    57 |    99 ||   189
       War axe           |       |       |    69 |   489 ||   558
Invok: Recite            |       |       |     1 |       ||     1
       Sanctuary         |       |       |       |     2 ||     2
Evoke: Wand              |       |       |       |    11 ||    11
  Use: Potion            |     2 |       |     3 |     4 ||     9
       Scroll            |       |       |       |     2 ||     2
 Stab: Sleeping          |     2 |     5 |     3 |     7 ||    17
       Distracted        |       |       |       |     2 ||     2
Armor: Robe              |     2 |       |       |       ||     2
       Leather armour    |     6 |    37 |     5 |       ||    48
       Scale mail        |       |       |   169 |   119 ||   288
       Animal skin       |       |       |       |    38 ||    38
Dodge: Dodged            |    39 |   105 |   171 |   358 ||   673
       Repelled          |       |       |     1 |     2 ||     3

Table legend: (Time is in decaauts)
 A = Elapsed time spent in this place.
 B = Non-inter-level travel time spent in this place.
 C = Inter-level travel time spent in this place.
 D = Time resting spent in this place.
 E = Time spent auto-exploring this place.
 F = Levels seen in this place.
 G = Mean time per level.
                   A        B        C        D        E       F      G
               +--------+--------+--------+--------+--------+-----+--------+
         Total |  19830 |  18925 |    905 |   3791 |  12664 |  14 | 1416.4 |
       Dungeon |  12344 |  11767 |    577 |   1916 |   8280 |   9 | 1371.6 |
          Lair |   5627 |   5334 |    293 |   1233 |   3511 |   3 | 1875.7 |
  Orcish Mines |   1859 |   1825 |     34 |    642 |    872 |   2 |  929.5 |
               +--------+--------+--------+--------+--------+-----+--------+

Top non-repeatable levels by time:
     D:5: 2367 daAuts
     D:9: 2293 daAuts
  Lair:3: 2185 daAuts
  Lair:2: 1840 daAuts
     D:8: 1835 daAuts
  Lair:1: 1600 daAuts
   Orc:1: 1410 daAuts
     D:4: 1307 daAuts
     D:6: 1280 daAuts
     D:1: 1017 daAuts
     D:3: 801 daAuts
     D:2: 760 daAuts
     D:7: 681 daAuts
   Orc:2: 449 daAuts
